 Dungeon Crawl Stone Soup version 0.28-a0-687-gb91baff9cc (webtiles) character file.

Game seed: 13235168456637101002

372482 meatgazer the Corrupter of Planes (level 21, -8/177 HPs)
             Began as a Demonspawn Abyssal Knight on Oct 12, 2021.
             Was the Champion of Lugonu.
             Mangled by a titan (20 damage)
             ... on level 5 of the Vaults on Oct 19, 2021.
             The game lasted 02:31:29 (58817 turns).

meatgazer the Corrupter of Planes (DsAK)           Turns: 58817, Time: 02:31:30

Health: -8/177     AC: 27    Str: 27    XL:     21   Next: 72%
Magic:  0/36       EV: 15    Int: 24    God:    Lugonu [******]
Gold:   2156       SH: 14    Dex: 20    Spells: 29/30 levels left

rFire   . . .      SeeInvis +   a - +9 spear (distort)
rCold   + . .      Faith    .   S - +3 buckler {rC+}
rNeg    . . .      Spirit   +   X - +5 scale mail "Baumau" {Str+5 Int+4 Dex+5}
rPois   +          Reflect  +   (helmet restricted)
rElec   .          Harm     .   y - +2 cloak {Stlth+}
rCorr   +          Rampage  .   D - +0 pair of gloves of the Hunter {Str+3 Int+2 Dex-3}
Will    ++++.                   z - +2 pair of boots {Stlth+}
Stlth   +++++++...              R - amulet of Wyusepn {Reflect Fly Will+ SH+5}
HPRegen 0.39/turn               p - ring of Hecrinn {Will+ rCorr Int+6 Slay+3}
MPRegen 0.50/turn               U - ring of Iribru {rPois EV+4 Stlth+}

@: flying, studying Fire Magic
A: hooves 2, yellow scales 2, ignite blood 2, magic shield, magic regeneration,
demonic willpower, horns 1, see invisible
}: 2/15 runes: barnacled, gossamer
a: Renounce Religion, Depart the Abyss, Bend Space, Banish, Corrupt, Enter the
Abyss


You were on level 5 of the Vaults.
You worshipped Lugonu.
Lugonu was exalted by your worship.
You visited 8 branches of the dungeon, and saw 40 of its levels.
You visited the Abyss 4 times.
You also visited: Ossuary, Gauntlet, Ice Cave, Volcano and Desolation.

You collected 6414 gold pieces.
You spent 4258 gold pieces at shops.

Inventory:

Hand Weapons
 a - a +9 spear of distortion (weapon)
Armour
 y - a +2 cloak of stealth (worn)
 z - a +2 pair of boots of stealth (worn)
 D - the +0 pair of gloves of the Hunter (worn) {Str+3 Int+2 Dex-3}
   (You found it in a Gauntlet)

   Str:       It affects your strength (+3).
   Int:       It affects your intelligence (+2).
   Dex:       It affects your dexterity (-3).
 S - a +3 buckler of cold resistance (worn)
 X - the +5 scale mail "Baumau" (worn) {Str+5 Int+4 Dex+5}
   (You found it in the Desolation of Salt)

   Str:       It affects your strength (+5).
   Int:       It affects your intelligence (+4).
   Dex:       It affects your dexterity (+5).
Jewellery
 d - the ring "Ysygajel" {EV+4 Str+2 SInv}
   (You took it off a yaktaur captain on level 5 of the Vaults)

   [ring of evasion]

   EV:        It affects your evasion (+4).
   Str:       It affects your strength (+2).
   SInv:      It lets you see invisible.
 f - the ring of the Bull {rF+ Int+3 Slay-6 SInv}
   (You found it in the Desolation of Salt)

   [ring of see invisible]

   Int:       It affects your intelligence (+3).
   Slay:      It affects your accuracy & damage with ranged weapons and melee
   (-6).
   rF:        It protects you from fire.
   SInv:      It lets you see invisible.
 p - the ring of Hecrinn (left hand) {Will+ rCorr Int+6 Slay+3}
   (You acquired it on level 2 of the Spider Nest)

   [ring of intelligence]

   Int:       It affects your intelligence (+6).
   Slay:      It affects your accuracy & damage with ranged weapons and melee
   (+3).
   rCorr:     It protects you from acid and corrosion.
   Will:      It increases your willpower.
 R - the amulet of Wyusepn (around neck) {Reflect Fly Will+ SH+5}
   (You found it in the Desolation of Salt)

   [amulet of reflection]

   It reflects blocked missile attacks.
   Fly:       It grants you flight.
   SH:        It affects your SH (+5).
   Will:      It increases your willpower.
 U - the ring of Iribru (right hand) {rPois EV+4 Stlth+}
   (You found it in the Desolation of Salt)

   [ring of evasion]

   EV:        It affects your evasion (+4).
   rPois:     It protects you from poison.
   Stlth:     It makes you more stealthy.
 Y - the ring "Sawygh" {rF+ AC+4}
   (You found it on level 1 of the Vaults)

   [ring of protection]

   AC:        It affects your AC (+4).
   rF:        It protects you from fire.
Wands
 b - a wand of mindburst (3)
 j - a wand of acid (44)
 m - a wand of iceblast (12)
 o - a wand of digging (12)
 B - a wand of flame (82)
Scrolls
 c - 6 scrolls of teleportation
 r - 4 scrolls of enchant armour
 t - 4 scrolls of fog
 H - 19 scrolls of identify
 I - a scroll of silence
 Z - 2 scrolls of fear
Potions
 e - 3 potions of haste
 k - 4 potions of invisibility
 l - a potion of resistance
 q - 2 potions of magic
 u - 10 potions of curing
 v - 7 potions of brilliance
 x - 4 potions of cancellation
 F - 8 potions of ambrosia
 G - 3 potions of flight
Miscellaneous
 g - a phantom mirror
 J - a condenser vane
 L - a tin of tremorstones (1/2)
 O - a lightning rod (4/4)


   Skills:
 + Level 18.2 Fighting
 + Level 16.4 Polearms
 + Level 15.3 Armour
 - Level 1.6 Dodging
 + Level 13.1 Stealth
 - Level 4.0 Shields
 - Level 5.0 Spellcasting
 - Level 3.5 Ice Magic
 + Level 22.1 Invocations
 + Level 16.2 Evocations


You had 29 spell levels left.
You knew the following spells:

 Your Spells              Type           Power      Damage    Failure   Level
a - Freeze                Ice            92%        1d10      3%          1

Your spell library contained the following spells:

 Spells                   Type           Power      Damage    Failure   Level
 Ensorcelled Hibernation  Hex/Ice        28%        N/A       11%         2
 Frozen Ramparts          Ice            46%        1d6       11%         3
 Ozocubu's Armour         Ice            23%        N/A       11%         3
 Animate Skeleton         Necr           12%        N/A       16%         1
 Apportation              Tloc           12%        N/A       16%         1
 Beastly Appendage        Tmut           12%        N/A       16%         1
 Summon Small Mammal      Summ           24%        N/A       16%         1
 Blink                    Tloc           N/A        N/A       22%         2
 Corpse Rot               Necr/Air       12%        N/A       22%         2
 Slow                     Hex            6%         N/A       22%         2
 Static Discharge         Conj/Air       6%         N/A       22%         2
 Sublimation of Blood     Necr           3%         N/A       22%         2
 Wereblood                Tmut           6%         N/A       22%         2
 Confusing Touch          Hex            6%         N/A       41%         3
 Lesser Beckoning         Tloc           6%         N/A       41%         3
 Portal Projectile        Hex/Tloc       12%        N/A       41%         3
 Spider Form              Tmut/Pois      3%         N/A       41%         3
 Stone Arrow              Conj/Erth      12%        3d7       41%         3
 Summon Guardian Golem    Hex/Summ       6%         N/A       41%         3
 Tukima's Dance           Hex            6%         N/A       41%         3
 Vampiric Draining        Necr           3%         2d6       41%         3
 Hailstorm                Conj/Ice       14%        3d5       58%         4
 Ice Form                 Ice/Tmut       14%        N/A       58%         4
 Summon Ice Beast         Ice/Summ       14%        N/A       58%         4
 Airstrike                Air            3%         N/A       83%         4
 Cause Fear               Hex            3%         N/A       83%         4
 Dispel Undead            Necr           6%         3d8       83%         4
 Flame Wave               Conj/Fire      6%         3d4       83%         4
 Fulminant Prism          Conj/Hex       3%         3d6       83%         4
 Iskenderun's Mystic Bla  Conj/Tloc      6%         2d4       83%         4
 Passage of Golubria      Tloc           6%         N/A       83%         4
 Petrify                  Tmut/Erth      6%         N/A       83%         4
 Sticky Flame             Conj/Fire      6%         2d3       83%         4
 Summon Lightning Spire   Summ/Air       6%         N/A       83%         4
 Metabolic Englaciation   Hex/Ice        7%         N/A       90%         5
 Freezing Cloud           Conj/Ice/Air   5%         6-21      95%         5
 Blade Hands              Tmut           3%         N/A       99%         5
 Excruciating Wounds      Necr           3%         N/A       99%         5
 Fireball                 Conj/Fire      3%         3d4       99%         5
 Irradiate                Conj/Tmut      3%         3d14      99%         5
 Iskenderun's Battlesphe  Conj           6%         2d6       99%         5
 Lee's Rapid Deconstruct  Erth           3%         3d6*      99%         5
 Lightning Bolt           Conj/Air       3%         1d14      99%         5
 Manifold Assault         Tloc           6%         N/A       99%         5
 Yara's Violent Unravell  Hex/Tmut       3%         3d4       99%         5
 Conjure Ball Lightning   Conj/Air       3%         3x3d6     100%        6
 Death Channel            Necr           3%         N/A       100%        6
 Simulacrum               Ice/Necr       7%         N/A       100%        6
 Dragon Form              Tmut           3%         N/A       100%        7
 Orb of Destruction       Conj           3%         9d1       100%        7
 Ozocubu's Refrigeration  Ice            11%        4d7       100%        7
 Spellforged Servitor     Conj/Summ      3%         N/A       100%        7
 Discord                  Hex            3%         N/A       100%        8
 Disjunction              Tloc           3%         N/A       100%        8
 Chain Lightning          Conj/Air       3%         3d4       100%        9
 Dragon's Call            Summ           3%         N/A       100%        9
 Fire Storm               Conj/Fire      3%         8d1       100%        9
 Polar Vortex             Ice            11%        N/A       100%        9
 Shatter                  Erth           3%         3d7*      100%        9


Dungeon Overview and Level Annotations

Branches:
Dungeon (15/15)            Temple (0/1) D:4            Lair (6/6) D:9
 Shoals (4/4) Lair:4       Spider (4/4) Lair:4        Slime (0/5) Lair:5
    Orc (2/2) D:11            Elf (2/3) Orc:2        Vaults (5/5) D:14
  Crypt (0/3) Vaults:3     Depths (2/4) D:15        Ossuary (visited)
  IceCv (visited)         Volcano (visited)         Desolation (visited)
Gauntlet (visited)

Altars:
Elyvilon
Gozag
Qazlal
Ru
Trog
Uskayaw
Xom
Beogh
Jiyva

Shops:
D:6 *   D:10 *?*[:   Orc:2 [!*?   Elf:1 **   Shoals:1 [   Shoals:2 *
Vaults:1 *!?[(   Vaults:3 (

Portals:
Hell: Depths:1
Pandemonium: Depths:1

Annotations:
D:11 1 runed translucent door
D:14 1 runed translucent door, Dazliare's ghost, journeyman KoFi
Lair:4 exclusion: 3 oklob plants
Lair:5 1 runed translucent door
Orc:2 corrupted
Elf:2 1 runed translucent door, a11behringer's ghost, adept MiBe
Vaults:4 2 transporters
Vaults:5 Sojobo
Abyss:1 Duvessa; Harold; Louise; Prince Ribbit; Sonja


Innate Abilities, Weirdness & Mutations

You have hoof-like feet.
You are mostly covered in yellow scales. (AC +3)
Your demonic aura often causes spilled blood to erupt in flames.
When hurt, damage is shared between your health and your magic reserves.
You regenerate magic rapidly.
You punish those that try to bend your will. (Will+)
You have a pair of small horns on your head.
You have supernaturally acute eyesight. (SInv)


Message History

Your headbutt misses the deep elf demonologist.
The deep elf demonologist is almost dead.
The deep elf demonologist blinks!
You hit the rust devil but do no damage.
You headbutt the rust devil!
The rust devil is lightly wounded.
You puncture the deep elf demonologist!
You kill the deep elf demonologist!
Lugonu accepts your kill.
The sun demon disappears in a puff of smoke! x2
The rust devil disappears in a puff of smoke!
You start resting.
A red very ugly thing comes into view.
You puncture the red very ugly thing!
Space bends around the red very ugly thing.
The red very ugly thing is lightly wounded.
The red very ugly thing is engulfed in blazing flames.
You block the red very ugly thing's attack.
You hit the red very ugly thing but do no damage.
The red very ugly thing is devoured by a tear in reality.
Lugonu claims a new guest.
You start resting.
A titan is nearby!
A titan is nearby!
Press: ? - help, Shift-Dir - straight line, f - titan
Aim: a titan (wandering, hasn't noticed you, chance to affect: 0%)
The titan shouts!
The titan resists with almost no effort.
The titan points at you and mumbles some strange words.
The bolt of lightning hits you!!!
* * * LOW HITPOINT WARNING * * *
The titan hits you!!
* * * LOW HITPOINT WARNING * * *
You puncture the titan!
Space warps horribly around the titan!
The titan is lightly wounded.
You puncture the titan!
Space warps horribly around the titan!
The titan is heavily wounded.
The titan is engulfed in blazing flames.
The titan hits you!!
You die...

###.###^.. ...#
##.....##..##...#
#.......#...##..##
##..[.)..##...#...#
#...[.[...##.)##./#
......(......))...#
#...(}....##..##..#
##...[...##...#.○.#
#.......#...##○@##
##.....##..##..C#
###.###...#....#
........##..#..
.......##...#.. #
#...##..# .. .....
...# ... ...## ....
####


You could see a titan.

Vanquished Creatures
  An ancient lich (Vaults:5)
  A lich (Vaults:3)
  A titan (Vaults:3)
  3 sphinxes
  Gastronok (D:12)
  2 storm dragons (Vaults:5)
  2 tengu reavers
  Kirke (D:12)
  Agnes (Elf:1)
  A frost giant (Depths:1)
  An imperial myrmidon (Desolation)
  2 deep elf sorcerers
  4 emperor scorpions
  5 vault wardens
  A ghost moth (Spider:4)
  5 stone giants
  7 very ugly things
  12 ironbound preservers
  2 vampire knights (Depths:1)
  A deep elf demonologist (Vaults:5)
  Azrael (D:13)
  2 entropy weavers (Spider:2)
  2 dire elephants (Vaults:3)
  A white draconian (IceCv)
  An eidolon (Vaults:3)
  2 halazid warlocks (Desolation)
  A minotaur (Gauntlet)
  A deep elf death mage (Vaults:5)
  4 ettins
  4 merfolk javelineers
  A crystal guardian (Desolation)
  3 merfolk impalers
  2 great orbs of eyes (Vaults:2)
  12 yaktaur captains
  3 deep elf high priests
  2 fire dragons
  4 ironbound thunderhulks
  A rakshasa (Depths:1)
  4 servants of whispers (Desolation)
  6 ragged hierophants (Desolation)
  4 boulder beetles
  Fannar (D:10)
  3 catoblepae
  20 vault guards
  14 hydras
  A merfolk avatar (Shoals:4)
  An ogre mage (Vaults:2)
  6 peacekeepers (Desolation)
  5 ironbound frosthearts
  13 centaur warriors
  A satyr (Shoals:4)
  11 two-headed ogres
  4 dancing weapons
  2 deep troll shamans
  2 alligator snapping turtles
  4 merfolk aquamancers
  A death knight (Vaults:3)
  3 deep troll earth magi
  3 tengu warriors
  Urug (D:13)
  A thrashing horror (Gauntlet)
  A large abomination (Abyss:2)
  2 wretched stars
  3 deep elf knights
  Nergalle (Orc:1)
  A fire crab (Lair:6)
  An iron troll (Vaults:4)
  A skeletal warrior (D:11)
  4 sea snakes
  2 goliath frogs (Lair:6)
  30 deep trolls
  14 lindwurms
  10 deep elf archers
  9 wizards
  12 ironbound convokers
  2 necromancers
  14 harpies
  5 phantasmal warriors
  15 orb spiders
  A shining eye (Abyss:1)
  43 ugly things
  2 orc sorcerers
  16 deep elf zephyrmancers
  22 wolf spiders
  8 cyclopes
  3 oklob plants
  2 orc knights
  A faun (shapeshifter) (Vaults:5)
  7 deep elf pyromancers
  8 fauns
  6 merfolk sirens
  A moth of wrath (Spider:4)
  15 manticores
  8 elephants
  3 guardian serpents (Desolation)
  Joseph (Lair:1)
  2 frost giant skeletons (Depths:1)
  6 gargoyles
  An elephant (shapeshifter) (Depths:1)
  2 ice statues (IceCv)
  4 black mambas
  16 vault sentinels
  7 water nymphs
  22 cane toads
  2 torpor snails
  Psyche (D:12)
  2 molten gargoyles
  A komodo dragon (shapeshifter) (D:11)
  15 komodo dragons
  2 kobold demonologists
  7 rime drakes
  20 yaktaurs
  An efreet (D:11)
  3 tengu conjurers
  17 demonic crawlers
  An ice devil (Gauntlet)
  2 freezing wraiths
  10 merfolk
  28 jumping spiders
  12 trolls
  A queen bee (Lair:2)
  9 wind drakes
  3 polar bears
  3 tyrant leeches (Lair:6)
  4 hornets
  A polar bear (shapeshifter) (D:15)
  32 slime creatures
  19 blink frogs
  8 dream sheep
  62 saltlings (Desolation)
  11 snapping turtles
  An air elemental (Elf:1)
  58 redbacks
  A shadow (D:13)
  A tarantella (shapeshifter) (D:9)
  40 tarantellas
  12 water elementals
  A wraith (D:11)
  2 hogs (D:12)
  A vampire (D:12)
  10 wyverns
  A hog (shapeshifter) (D:15)
  5 basilisks
  66 yaks
  5 fire bats (Volcano)
  7 fire elementals
  8 humans (D:14)
  2 neqoxecs (Gauntlet)
  4 steam dragons
  Edmund (D:5)
  7 vampire mosquitoes
  A swamp worm (shapeshifter) (Vaults:5)
  3 wargs
  20 water moccasins
  3 hell hounds (D:13)
  A spriggan simulacrum (Depths:1)
  14 orc warriors
  2 ice beasts
  3 sky beasts
  3 black bears
  6 necrophages
  18 ogres
  26 wolves
  A phantom (D:5)
  22 centaurs
  3 kobold brigands
  14 bullfrogs
  Blork the orc (D:5)
  11 scorpions
  5 earth elementals
  A wyvern zombie (D:8)
  6 small abominations
  A water moccasin skeleton (D:6)
  2 wyvern skeletons
  7 lindwurm simulacra (IceCv)
  Dowan (Abyss:1)
  43 killer bees
  An electric eel (Lair:6)
  5 wights
  3 howler monkeys
  6 centaur zombies
  6 lava snakes (Volcano)
  A starcursed mass (Lair:6)
  A human zombie (Ossuary)
  4 komodo dragon simulacra (IceCv)
  3 hounds
  16 orc priests
  A bullfrog zombie (D:7)
  A gnoll shaman (D:9)
  2 centaur skeletons
  Terence (D:3)
  An iguana (D:6)
  5 scorpion zombies (Ossuary)
  Natasha (thrice) (D:2)
  13 orc wizards
  18 hell rats
  A killer bee zombie (D:6)
  2 hound skeletons (D:5)
  3 mummies (Ossuary)
  Robin (D:3)
  6 acid dragon simulacra (IceCv)
  7 adders
  A gnoll (D:6)
  2 white imps (Gauntlet)
  2 ufetubi
  4 steam dragon simulacra (IceCv)
  An adder zombie (D:5)
  2 worms (D:2)
  6 dart slugs
  60 orcs
  5 ball pythons
  6 bats
  7 endoplasms
  2 giant cockroaches
  2 gnoll zombies (Ossuary)
  22 goblins
  9 hobgoblins
  3 jackals (D:3)
  5 quokkas
  7 frilled lizards
  2 goblin zombies (Ossuary)
  A hobgoblin zombie (Ossuary)
  10 kobolds
  2 kobold zombies (Ossuary)
  4 orc zombies (Ossuary)
  10 rats
1560 creatures vanquished.

Vanquished Creatures (collateral kills)
  A wolf spider (Spider:2)
  3 redbacks (Spider:2)
  A tarantella (Spider:2)
5 creatures vanquished.

Vanquished Creatures (others)
  A vault warden (Vaults:5)
  An ironbound preserver (Vaults:5)
  A stone giant (Orc:2)
  2 ragged hierophants (Desolation)
  2 ogre magi (Orc:2)
  3 two-headed ogres (Orc:2)
  An orc high priest (Orc:2)
  A deep elf knight (Elf:1)
  A deep troll (Orc:2)
  A sea snake (Shoals:2)
  A wizard (Vaults:3)
  An ironbound convoker (Vaults:5)
  2 trolls (Orc:2)
  A redback (Spider:3)
  A tarantella (Spider:3)
  3 orc warriors (Orc:2)
  10 ogres (Orc:2)
  A killer bee (D:9)
  An orc priest (Orc:2)
  2 orc wizards (Orc:2)
  11 orcs
  35 fungi
  121 plants
  4 starspawn tentacles (Orc:2)
208 creatures vanquished.

Grand Total: 1773 creatures vanquished

Notes
Turn   | Place    | Note
-------+----------+-------------------------------------------
     0 | Abyss:1  | meatgazer the Demonspawn Abyssal Knight began the quest for
                  | the Orb.
     0 | Abyss:1  | Reached XP level 1. HP: 18/18 MP: 2/2
    56 | Abyss:1  | Noticed a shining eye
    68 | Abyss:1  | Gained mutation: You occasionally shout uncontrollably at
                  | your foes. [a shining eye]
    69 | Abyss:1  | Gained mutation: You have a pair of small horns on your
                  | head. [a shining eye]
    72 | Abyss:1  | Noticed a starcursed mass
    78 | Abyss:1  | Gained mutation: You are dopey. (Int -2) [a shining eye]
    82 | Abyss:1  | Gained mutation: You sometimes lose the ability to read
                  | scrolls when taking damage. [a shining eye]
    85 | Abyss:1  | Gained mutation: You tend to lose your temper in combat. [a
                  | shining eye]
    86 | Abyss:1  | Killed a shining eye
    87 | Abyss:1  | Reached skill level 1 in Dodging
    87 | Abyss:1  | Reached skill level 3 in Invocations
    87 | Abyss:1  | Gained mutation: Your demonic aura sometimes causes spilled
                  | blood to erupt in flames. [demonic ancestry]
    87 | Abyss:1  | Reached XP level 2. HP: 28/28 MP: 2/4
    87 | Abyss:1  | Gained mutation: You regenerate magic rapidly. [demonic
                  | ancestry]
    87 | Abyss:1  | Reached XP level 3. HP: 34/34 MP: 2/5
    87 | Abyss:1  | Reached XP level 4. HP: 40/40 MP: 2/6
    87 | Abyss:1  | Gained mutation: You are partially covered in yellow
                  | scales. (AC +2) [demonic ancestry]
    87 | Abyss:1  | Reached XP level 5. HP: 46/46 MP: 2/7
    87 | Abyss:1  | Reached XP level 6. HP: 52/52 MP: 2/8
    87 | D:1      | Escaped the Abyss
   715 | D:1      | Reached * piety under Lugonu
  1429 | D:2      | Noticed Natasha
  1438 | D:2      | Killed Natasha
  1621 | D:2      | Reached XP level 7. HP: 58/58 MP: 9/9
  1700 | D:2      | Noticed Natasha
  1713 | D:2      | Killed Natasha
  1978 | D:2      | Found a sacrificial altar of Ru.
  2491 | D:2      | Noticed Natasha
  2500 | D:2      | Killed Natasha
  2615 | D:2      | Found a faded altar of an unknown god.
  2677 | D:3      | Reached ** piety under Lugonu
  2677 | D:3      | Noticed Robin
  2707 | D:3      | Killed Robin
  2810 | D:3      | Upgraded the game from 0.28-a0-655-g4eb62b627b to
                  | 0.28-a0-664-gc179e30c89
  3160 | D:3      | Noticed Terence
  3187 | D:3      | HP: 2/59 [Terence (8)]
  3188 | D:3      | Killed Terence
  3647 | D:3      | You fall into a shaft and drop 3 floors!
  3673 | D:6      | Reached skill level 1 in Stealth
  3965 | D:6      | Reached skill level 4 in Invocations
  4134 | D:5      | Entered Level 5 of the Dungeon
  4146 | D:5      | Noticed Edmund
  4156 | D:5      | Killed Edmund
  4157 | D:5      | Reached skill level 5 in Polearms
  4157 | D:5      | Reached XP level 8. HP: 45/65 MP: 11/11
  4401 | D:4      | Reached skill level 5 in Invocations
  4401 | D:4      | Reached *** piety under Lugonu
  5003 | D:4      | Noticed Duvessa
  5003 | D:4      | Noticed Dowan
  5006 | D:4      | Banished Dowan
  5017 | D:4      | Banished Duvessa
  5398 | D:4      | Found a staircase to the Ecumenical Temple.
  5797 | D:5      | Reached skill level 6 in Invocations
  5797 | D:5      | Reached skill level 1 in Evocations
  5808 | D:5      | Noticed Blork the orc
  5818 | D:5      | Killed Blork the orc
  6195 | D:5      | Found a stormy altar of Qazlal.
  6206 | D:5      | Noticed Prince Ribbit
  6209 | D:5      | Banished Prince Ribbit
  6485 | D:5      | Reached skill level 7 in Invocations
  6683 | D:5      | Gained mutation: You are mostly covered in yellow scales.
                  | (AC +3) [demonic ancestry]
  6683 | D:5      | Reached XP level 9. HP: 54/73 MP: 14/14
  7549 | D:6      | Found Ytwimicw's Assorted Antiques.
  7557 | D:6      | Bought a scroll labelled TEOTOF PAFY for 20 gold pieces
  7557 | D:6      | Bought a brown potion for 18 gold pieces
  7557 | D:6      | Bought a scroll labelled XESIAN ARIAK for 20 gold pieces
  7905 | D:6      | Noticed a troll
  8176 | D:6      | Reached skill level 8 in Invocations
  8275 | D:6      | Banished a troll
  9092 | D:8      | Reached skill level 9 in Invocations
  9135 | D:8      | Found a sand-covered staircase.
  9143 | Ossuary  | Entered an ossuary
  9180 | Ossuary  | Reached XP level 10. HP: 81/82 MP: 16/16
  9189 | Ossuary  | Reached **** piety under Lugonu
 10120 | Ossuary  | Lost mutation: You sometimes lose the ability to read
                  | scrolls when taking damage. [potion of mutation]
 10120 | Ossuary  | Lost mutation: You have a pair of small horns on your head.
                  | [potion of mutation]
 10120 | Ossuary  | Gained mutation: Armour fits poorly on your strangely
                  | shaped body. [potion of mutation]
 10120 | Ossuary  | Gained mutation: Your muscles are strong. (Str +2) [potion
                  | of mutation]
 11140 | D:9      | Noticed a boulder beetle
 11167 | D:10     | Entered Level 10 of the Dungeon
 11995 | D:9      | Reached skill level 10 in Invocations
 12004 | D:9      | Reached skill level 5 in Armour
 12128 | D:9      | Noticed a two-headed ogre
 12465 | D:9      | Banished a two-headed ogre
 12811 | D:9      | Noticed Harold
 12822 | D:9      | Banished Harold
 12823 | D:9      | Reached XP level 11. HP: 76/90 MP: 15/19
 12860 | D:9      | Reached skill level 10 in Fighting
 12860 | D:9      | Reached skill level 11 in Invocations
 12878 | D:9      | Reached skill level 5 in Evocations
 13107 | D:9      | Identified the +3 ring mail of Jyqif {*Corrode rElec Will++
                  | Int+2}
 13242 | D:9      | Identified a scroll of acquirement
 13242 | D:9      | Acquired the +0 helmet of Kosibus {rElec rC+ Regen+ Slay+3}
 13417 | D:9      | Banished a boulder beetle
 13603 | D:9      | Found a staircase to the Lair.
 13889 | Lair:1   | Entered Level 1 of the Lair of Beasts
 13891 | Lair:1   | Noticed Joseph
 13907 | Lair:1   | Killed Joseph
 14508 | Lair:1   | Reached skill level 1 in Shields
 15022 | Lair:2   | Found a dark tunnel.
 15027 | Volcano  | Entered a volcano
 15458 | Volcano  | Found a bloodstained altar of Trog.
 15556 | Volcano  | Reached skill level 12 in Invocations
 15607 | Volcano  | Noticed a stone giant
 15618 | Volcano  | Banished a stone giant
 15975 | Lair:2   | Reached XP level 12. HP: 99/99 MP: 21/21
 16207 | Lair:2   | Noticed a four-headed hydra
 16215 | Lair:2   | Banished a four-headed hydra
 17383 | Lair:2   | Reached skill level 13 in Invocations
 17505 | Lair:3   | Reached ***** piety under Lugonu
 17828 | Lair:3   | Reached skill level 10 in Polearms
 18151 | Lair:3   | Gained mutation: You have large cloven feet. [demonic
                  | ancestry]
 18151 | Lair:3   | Reached XP level 13. HP: 103/107 MP: 23/23
 19148 | Lair:4   | Found a staircase to the Shoals.
 19400 | Lair:4   | Reached skill level 14 in Invocations
 19691 | Lair:4   | Found a hole to the Spider Nest.
 19781 | Lair:4   | Noticed Sonja
 19782 | Lair:4   | Banished Sonja
 20969 | Lair:5   | Noticed an azure jelly
 20969 | Lair:5   | Noticed an azure jelly
 20969 | Lair:5   | Found a runed translucent door.
 20969 | Lair:5   | Found a viscous altar of Jiyva.
 20969 | Lair:5   | Found a staircase to the Slime Pits.
 20984 | Lair:5   | Noticed an azure jelly
 21225 | Lair:5   | Found an opulent altar of Gozag.
 21868 | Lair:6   | Entered Level 6 of the Lair of Beasts
 21885 | Lair:6   | Gained mutation: When hurt, damage is shared between your
                  | health and your magic reserves. [demonic ancestry]
 21885 | Lair:6   | Reached XP level 14. HP: 102/116 MP: 25/25
 22017 | Lair:5   | Reached skill level 15 in Invocations
 22640 | Lair:6   | Reached ****** piety under Lugonu
 22910 | Lair:6   | HP: 4/116 [acid (5)]
 22938 | Abyss:1  | Killed Dowan
 22979 | Abyss:1  | Noticed a starcursed mass
 22988 | Lair:6   | Escaped the Abyss
 23136 | Lair:6   | Reached skill level 10 in Evocations
 24095 | D:10     | Found Myose's Magic Scroll Emporium.
 24101 | D:10     | Bought a scroll of teleportation for 39 gold pieces
 24101 | D:10     | Bought a scroll of teleportation for 39 gold pieces
 24101 | D:10     | Bought a scroll of enchant armour for 97 gold pieces
 24164 | D:10     | Found Kutiq's General Store.
 24181 | D:10     | Found Tisakuedd's Antique Armour Shop.
 24200 | D:10     | Found Bennead's Book Emporium.
 24251 | D:10     | Found a bloodstained altar of Trog.
 24443 | D:10     | Found Voiphoyw's Assorted Antiques.
 24450 | D:10     | Bought a scroll labelled ZIRPHIUT WOXI for 27 gold pieces
 24450 | D:10     | Bought a pair of embroidered boots for 202 gold pieces
 24595 | D:10     | Noticed Fannar
 24605 | D:10     | Killed Fannar
 24704 | D:11     | Found a gate leading to a gauntlet.
 24713 | Gauntlet | Entered a Gauntlet
 24713 | Gauntlet | Found a transporter.
 24713 | Gauntlet | Found a transporter.
 24717 | Gauntlet | Found a transporter.
 24717 | Gauntlet | Found a transporter.
 24728 | Gauntlet | Found a transporter.
 24735 | Gauntlet | Found a transporter.
 24745 | Gauntlet | Found a transporter.
 24748 | Gauntlet | Found a transporter.
 24769 | Gauntlet | Found a transporter.
 24778 | Gauntlet | Found a transporter.
 24792 | Gauntlet | Found a transporter.
 24838 | Gauntlet | Found a transporter.
 24847 | Gauntlet | Found a transporter.
 24861 | Gauntlet | Found a transporter.
 24963 | Gauntlet | Found a transporter.
 24977 | Gauntlet | Found a transporter.
 25159 | Gauntlet | Reached skill level 10 in Armour
 25395 | Gauntlet | Lost mutation: You occasionally shout uncontrollably at
                  | your foes. [potion of mutation]
 25395 | Gauntlet | Lost mutation: You are very dopey. (Int -4) [potion of
                  | mutation]
 25395 | Gauntlet | Lost mutation: Your muscles are strong. (Str +2) [potion of
                  | mutation]
 25395 | Gauntlet | Gained mutation: You are agile. (Dex +2) [potion of
                  | mutation]
 25639 | Gauntlet | Identified the +0 pair of gloves of the Hunter {Str+3 Int+2
                  | Dex-3}
 25884 | Gauntlet | Identified the +1 robe "Qoab" {rF+}
 25893 | Gauntlet | Got Taoxonal's Tome of Sinister Curses
 26210 | D:11     | Reached skill level 16 in Invocations
 26237 | D:11     | Reached XP level 15. HP: 124/124 MP: 27/27
 26659 | D:11     | Found a runed translucent door.
 26756 | D:11     | Found a staircase to the Orcish Mines.
 27343 | D:12     | Identified the +10 flail "Goghiah" {drain, *Rage Str+5}
 27413 | D:12     | Identified the +3 chain mail of Tiexuza {Harm}
 27650 | D:12     | Noticed Kirke
 27678 | D:12     | Killed Kirke
 27782 | D:12     | Found a frozen archway.
 27788 | D:12     | Noticed Psyche
 27791 | IceCv    | Entered an ice cave
 28216 | IceCv    | Identified a +9 spear of distortion (a +9 spear of
                  | electrocution corrupted by Lugonu)
 28216 | IceCv    | Received a gift from Lugonu
 28229 | IceCv    | Identified the amulet of Peace {rF+ Regen+ Str+3}
 28477 | D:12     | Killed Psyche
 28782 | D:12     | Noticed Gastronok
 28798 | D:12     | Killed Gastronok
 29047 | D:13     | Noticed Urug
 29055 | D:13     | Killed Urug
 29068 | D:13     | You fall into a shaft and drop 1 floor!
 29136 | D:14     | Found a runed translucent door.
 29168 | D:14     | Found a shimmering altar of Xom.
 29168 | D:14     | Noticed Dazliare's ghost (journeyman KoFi)
 29628 | D:14     | Found a gate to the Vaults.
 29983 | D:15     | Entered Level 15 of the Dungeon
 30005 | D:15     | Reached skill level 5 in Stealth
 30057 | D:14     | Reached skill level 17 in Invocations
 30226 | D:13     | Noticed Azrael
 30241 | D:13     | Killed Azrael
 30242 | D:13     | Reached XP level 16. HP: 90/133 MP: 20/28
 30534 | D:13     | Upgraded the game from 0.28-a0-664-gc179e30c89 to
                  | 0.28-a0-683-ga8797d1ae1
 30648 | D:15     | Paralysed by an orc sorcerer for 2 turns
 31235 | D:15     | Found a staircase to the Depths.
 31580 | Spider:1 | Entered Level 1 of the Spider Nest
 32636 | Spider:1 | Upgraded the game from 0.28-a0-683-ga8797d1ae1 to
                  | 0.28-a0-687-gb91baff9cc
 33055 | Spider:2 | Reached skill level 1 in Spellcasting
 35406 | Spider:2 | Acquired the ring of Hecrinn {Will+ rCorr Int+6 Slay+3}
 35724 | Spider:3 | Gained mutation: You have hoof-like feet. [demonic
                  | ancestry]
 35724 | Spider:3 | Reached XP level 17. HP: 140/140 MP: 29/29
 35924 | Spider:4 | Entered Level 4 of the Spider Nest
 35941 | Spider:4 | Reached skill level 15 in Fighting
 35952 | Spider:4 | Learned a level 1 spell: Freeze
 35982 | Spider:4 | Reached skill level 18 in Invocations
 36046 | Spider:4 | Reached skill level 1 in Ice Magic
 37070 | Spider:4 | Got a gossamer rune of Zot
 37495 | Depths:1 | Entered Level 1 of the Depths
 37816 | Depths:1 | Identified the +7 quarterstaff "Cunia" {flame, rF+}
 38311 | Depths:1 | Found a hide-covered altar of Uskayaw.
 38311 | Depths:1 | Found a one-way gate leading to the halls of Pandemonium.
 39230 | Depths:1 | Found a gateway to Hell.
 39647 | Orc:1    | Entered Level 1 of the Orcish Mines
 39854 | Orc:2    | Entered Level 2 of the Orcish Mines
 39942 | Orc:2    | Corrupted Orc:2
 39942 | Orc:2    | Noticed a bone dragon
 39975 | Orc:2    | Found Bener's Distillery.
 39975 | Orc:2    | Found Lion's Armour Boutique.
 39975 | Orc:2    | Found Seac's General Store.
 39976 | Orc:2    | Found Tageonuge's Magic Scroll Shop.
 40007 | Orc:2    | Bought a scroll of acquirement for 624 gold pieces
 40012 | Orc:2    | Bought a wand of iceblast (3) for 105 gold pieces
 40026 | Orc:2    | Bought the +11 chain mail of Zagrass {Dex+4} for 1273 gold
                  | pieces
 40113 | Orc:2    | Found a staircase to the Elven Halls.
 40697 | Orc:1    | Noticed Nergalle
 40730 | Orc:1    | Killed Nergalle
 40754 | Orc:1    | Reached skill level 5 in Spellcasting
 41043 | Orc:2    | Bought a potion of heal wounds for 90 gold pieces
 41065 | Elf:1    | Entered Level 1 of the Elven Halls
 41109 | Elf:1    | Acquired a manual of Fire Magic
 41111 | Elf:1    | Acquired the ring "Ceg Noit" {rPois rF+ rC- Int+6}
 41136 | Elf:1    | Noticed Agnes
 41149 | Elf:1    | Killed Agnes
 41150 | Elf:1    | Gained mutation: Your demonic aura often causes spilled
                  | blood to erupt in flames. [demonic ancestry]
 41150 | Elf:1    | Reached XP level 18. HP: 146/148 MP: 31/31
 41494 | Elf:1    | Identified the +5 rapier of Bodily Harmony {drain, rPois
                  | Stlth+}
 41499 | Elf:1    | Found Lasogroj's General Store.
 42062 | Elf:1    | Found Wikoh's Gadget Gallery.
 42067 | Elf:1    | Bought a condenser vane for 600 gold pieces
 42067 | Elf:1    | Bought a tin of tremorstones (2/2) for 600 gold pieces
 42126 | Elf:1    | Paralysed by an air elemental for 1 turns
 42397 | Elf:1    | Reached skill level 19 in Invocations
 42583 | Elf:2    | Found a runed translucent door.
 42585 | Elf:2    | Noticed a11behringer's ghost (adept MiBe)
 42890 | Shoals:1 | Entered Level 1 of the Shoals
 42999 | Shoals:1 | Noticed Louise
 43038 | Shoals:1 | Banished Louise
 43564 | Shoals:1 | Found Tikhuhen's Antique Armour Emporium.
 43573 | Shoals:1 | Identified the +3 great sword of Currency {vorpal, Int+3
                  | Stlth+}
 43881 | Shoals:2 | Found Ecuong's Assorted Antiques.
 44020 | Shoals:2 | Bought a potion of mutation for 256 gold pieces
 46001 | Shoals:3 | Identified the +2 helmet of the Blind Marksman {MP+9 SInv}
 46016 | Shoals:4 | Entered Level 4 of the Shoals
 46331 | Shoals:4 | Identified the +0 robe "Ezxovow" {Fly Int-5 Dex+4}
 46801 | Shoals:4 | Got a barnacled rune of Zot
 47418 | Vaults:1 | Entered Level 1 of the Vaults
 47578 | Vaults:1 | Reached XP level 19. HP: 103/157 MP: 18/32
 47584 | Vaults:1 | Reached skill level 10 in Stealth
 47724 | Vaults:1 | Identified the ring "Sawygh" {rF+ AC+4}
 47794 | Vaults:1 | Found Rickatih's Magic Scroll Shoppe.
 47802 | Vaults:1 | Found Salenoro's Distillery.
 47869 | Vaults:1 | Found Caimabli's Armour Boutique.
 47910 | Vaults:1 | Found Hoshom's Weapon Boutique.
 48567 | Vaults:1 | Bought a potion of mutation for 128 gold pieces
 48587 | Vaults:1 | Found Xionagol's General Store.
 48593 | Vaults:1 | Bought a potion of mutation for 120 gold pieces
 48986 | Vaults:1 | Reached skill level 20 in Invocations
 49466 | Vaults:2 | Reached skill level 15 in Polearms
 49574 | Vaults:2 | Cast into level 2 of the Abyss (a wizard)
 49575 | Abyss:2  | Found a corrupted altar of Lugonu.
 49667 | Vaults:2 | Escaped the Abyss
 50245 | Vaults:2 | Lost mutation: You are agile. (Dex +2) [potion of mutation]
 50245 | Vaults:2 | Lost mutation: Armour fits poorly on your strangely shaped
                  | body. [potion of mutation]
 50245 | Vaults:2 | Gained mutation: You are occasionally teleported next to
                  | monsters. [potion of mutation]
 50246 | Vaults:2 | Lost mutation: You tend to lose your temper in combat.
                  | [potion of mutation]
 50246 | Vaults:2 | Gained mutation: You are resistant to electric shocks.
                  | (rElec) [potion of mutation]
 50247 | Vaults:2 | Lost mutation: You are resistant to electric shocks.
                  | (rElec) [potion of mutation]
 50247 | Vaults:2 | Lost mutation: You are occasionally teleported next to
                  | monsters. [potion of mutation]
 50247 | Vaults:2 | Gained mutation: You have hidden genetic potential. [potion
                  | of mutation]
 50459 | Vaults:3 | Cast into level 2 of the Abyss (a wizard)
 50491 | Vaults:3 | Escaped the Abyss
 50703 | Vaults:3 | Found Lugolog's Antique Weapon Shop.
 50730 | Vaults:3 | Reached XP level 20. HP: 168/168 MP: 34/34
 50830 | Vaults:3 | Found a staircase to the Crypt.
 51315 | Vaults:3 | Reached skill level 15 in Evocations
 51978 | Vaults:3 | Reached skill level 21 in Invocations
 52239 | Vaults:4 | Found a crumbling gateway.
 52249 | Desolati | Entered the Desolation of Salt
 52393 | Desolati | Identified the amulet of Wyusepn {Reflect Fly Will+ SH+5}
 52661 | Desolati | Identified the +1 leather armour "Ingyles" {Harm Dex+4}
 52724 | Desolati | Identified the ring of Iribru {rPois EV+4 Stlth+}
 52728 | Desolati | Identified the +9 plate armour "Naxomouv" {rPois rN++ rCorr
                  | Dex-5}
 52728 | Desolati | Identified the +4 whip of Kuitrio {vorpal, SInv}
 52790 | Desolati | Identified the +6 flail of Umezut {spect, rF+ Will+}
 52880 | Desolati | Identified the +5 scale mail "Baumau" {Str+5 Int+4 Dex+5}
 52884 | Desolati | Identified the ring of the Bull {rF+ Int+3 Slay-6 SInv}
 53000 | Desolati | Identified the +2 mace "Gurr" {speed, *Slow Fly MP+9 Str+4}
 53001 | Desolati | Identified the +3 scale mail of Catatonia {rCorr Str+6}
 53047 | Desolati | Gained mutation: You have a pair of small horns on your
                  | head. [hidden potential]
 53740 | Desolati | Got Sif Muna's Incunabulum of Damage Dealing
 53741 | Desolati | Identified the +1 dagger of Jumnism {vorpal, Contam *Noise
                  | Str+8 Int+4}
 53746 | Desolati | Got the Disquisition on Damaging Execration
 54590 | Vaults:4 | Gained mutation: You punish those that try to bend your
                  | will. (Will+) [demonic ancestry]
 54590 | Vaults:4 | Reached XP level 21. HP: 155/168 MP: 32/35
 55004 | Vaults:4 | Noticed Sojobo
 55635 | Vaults:4 | Found a transporter.
 55666 | Vaults:4 | Identified the ring "Zammash" {rPois MP+9 Int+6 Dex+4
                  | Stlth+}
 55684 | Vaults:4 | Found a transporter.
 56225 | Vaults:5 | Entered Level 5 of the Vaults
 56242 | Vaults:4 | Reached skill level 15 in Armour
 58313 | Vaults:5 | Reached skill level 22 in Invocations
 58455 | Vaults:5 | Noticed an ancient lich
 58466 | Vaults:5 | Identified the +0 ring mail of Death Resistance {rC+ Will-
                  | Str+7}
 58484 | Vaults:5 | Killed an ancient lich
 58611 | Vaults:5 | Identified the ring "Ysygajel" {EV+4 Str+2 SInv}
 58677 | Vaults:5 | Noticed a dread lich
 58684 | Vaults:5 | Banished a dread lich
 58751 | Vaults:5 | Gained mutation: You have supernaturally acute eyesight.
                  | (SInv) [hidden potential]
 58751 | Vaults:5 | Lost mutation: You have hidden genetic potential. [hidden
                  | potential expressed]
 58817 | Vaults:5 | Mangled by a titan

Illustrated notes

Levels and vault maps discovered:
D:1:      lightli_arrival_chessboard, layout_loops_ring,
          wander_ebering_terrifying_dragon_lair
D:2:      layout_basic, basic_altar, shapermc_ecumenical_altar_mp_vishouse,
          minmay_randomly_rotated_circles, uniq_natasha
D:3:      layout_basic, guppyfry_early_orc_mine, uniq_terence, uniq_robin
D:4:      layout_loops_ring, minmay_temple_entry_junction, uniq_duvessa
D:5:      layout_layer_cave, mainiacjoe_overflow_small_starburst,
          grunt_tough_drop, uniq_prince_ribbit1, uniq_edmund, uniq_blork_the_orc
D:6:      cheibrodos_barr_body, layout_basic, serial_shops,
          nicolae_shop_overgrown_old_shop
D:7:      layout_gridville
D:8:      layout_basic, nicolae_ossuary_entry_plus
D:9:      nzn_winding_woodlands_small [nzn_winding_woodlands_5x15_pockets,
          nzn_winding_woodlands_center_garden,
          nzn_winding_woodlands_5x15_jagged], layout_basic, lair_entry_dummy,
          grunt_potential, uniq_harold
D:10:     layout_basic, serial_shops, nicolae_shop_trees, nicolae_shop_stone,
          nicolae_shop_overgrown_old_shop, shop, shop, david_defended_altar_orc,
          uniq_fannar
D:11:     minmay_the_grid_four_pointed_star
          [minmay_the_grid_triangle_9x9_skeleton,
          minmay_the_grid_triangle_9x9_cache,
          minmay_the_grid_triangle_9x9_subtriangle,
          minmay_the_grid_triangle_9x9_odd_lines,
          minmay_the_grid_prize_four_corners], layout_loops_corners,
          orc_0_dummy, gauntlet_entry_generic, minmay_misc_feat_more_columns
D:12:     layout_basic, portal_ice_cave_entry_pillars_1, uniq_psyche,
          uniq_kirke, uniq_gastronok
D:13:     layout_cave_pools, nrook_mini_backslash, uniq_urug, uniq_azrael
D:14:     layout_basic, ximxim_vaults_locker_room, chequers_garden,
          ebering_ghost_xom
D:15:     grunt_enter_depths_hoard, layout_basic
Lair:1:   layout_layer_cave, st_stairs_3, uniq_joseph
Lair:2:   regret_index_bee_streams, layout_misc_corridors,
          nicolae_volcano_entry_s_turn, hibernation_bobbens, lemuel_fruit_fields
Lair:3:   layout_big_grid, st_stairs_6, minmay_lair_oklob_items,
          roderic_carrion_pond, grunt_megastairs_1
Lair:4:   layout_roguey, minmay_shoals_entry_beasts, spider_nest_entry_a,
          dpeg_oklob_1, uniq_sonja
Lair:5:   layout_hall_layers, slime_altar_2, basic_altar
Lair:6:   minmay_lair_end_frog_pond, layout_cave_pods, serial_bayou_shore_b,
          serial_bayou_shore_b, lemuel_fruit_tree
Shoals:1: layout_shoals, serial_shops, nicolae_diamond_shop,
          nicolae_shoals_lost_giant_amphitheater, uniq_louise
Shoals:2: layout_shoals, serial_shops, nicolae_shop_waterfront
Shoals:3: layout_shoals, yaktaur_hedge
Shoals:4: shoals_end_simple, layout_shoals
Spider:1: layout_spider_delve
Spider:2: layout_chambers
Spider:3: layout_spider_delve
Spider:4: grunt_spider_rune_circles, worms_lemuel
Orc:1:    layout_caves, uniq_nergalle
Orc:2:    st_orc_open, layout_diamond_mine, mines2_david
Elf:1:    elf_arrival_002, layout_onion_city, serial_shops, shop, minivault_28,
          nicolae_shop_gadgets, uniq_agnes
Elf:2:    elven_hall_of_blades_hangedman_original
          [nicolae_blade_entry_hurt_lockers], layout_onion_city,
          hellmonk_ghost_big_iron, basic_altar
Vaults:1: lightli_enter_wizlab_magi_temple, nicolae_vaults_yaktaur_gun_rack,
          v_misc_8, nicolae_vaults_specimen_jars,
          nicolae_vaults_big_angled_halls, nicolae_vaults_rhombus_7, v_misc_33,
          vaults_room_grunt_arrival_ludios, ontoclasm_vaults_spin,
          ontoclasm_vaults_loading_screen, dpeg_vaults_monster_box,
          layout_vaults_quadrants, serial_shops, shop_statue, shop,
          nicolae_shop_stone, shop_statue, nicolae_square_shop
Vaults:2: vaults_standard_mumra_x, hangedman_vaults_locks,
          nicolae_vaults_three_branches, v_misc_8, v_misc_9, v_misc_5,
          nicolae_vaults_network_square, v_misc_14, vaults_room_pool,
          layout_vaults_ring
Vaults:3: v_misc_30, vaults_dpeg_diagonal, nicolae_vaults_angled_halls,
          ontoclasm_vaults_shout, v_misc_5, vaults_mumra_hex,
          minmay_crypt_entry_simple_walls, grunt_vaults_diagonal,
          hangedman_vaults_cutoff, grunt_vaults_hallway_short, vaults_dpeg_ring,
          grunt_vaults_hallway_short, layout_vaults_chaotic_city, serial_shops,
          nicolae_shop_window_shopping
Vaults:4: portal_desolation_entry_nicolae_slug, v_alt_pattern_3,
          hangedman_vaults_capsules, nicolae_vaults_little_ls, v_pattern_4,
          v_misc_22, gammafunk_the_bubble [the_bubble_gammafunk_split],
          ontoclasm_vaults_ligature, v_rooms_4, vaults_room_grid,
          vaults_room_grid, hangedman_vaults_unwind, nicolae_vaults_alarming,
          ontoclasm_vaults_gateway, vaults_mumra_hexcomb,
          layout_vaults_omnicross, uniq_sojobo
Vaults:5: serial_shops
Depths:1: layout_gridlike, nicolae_uskayaw_murder_on_the_dancefloor,
          grunt_hell_entry_dis_grunt, pan_entry, minivault_1,
          hangedman_decor_slide_cut, amcnicky_mini_pool_small, elyvilon_altar_1
Depths:2: hangedman_cross_cluster, layout_twisted_cross, enter_ziggurat_f,
          nicolae_hepliaklqana_hippocampus, pf_coc_iceberg,
          grunt_pan_entry_spiral, uniq_enchantress, uniq_mara

Skill      XL: |  1  2  3  4  5  6  7  8  9 10 11 12 13 14 15 16 17 18 19 20 21 |
---------------+----------------------------------------------------------------+-----
Fighting       | 6 7 8 9 10 11 12 13 14 15 16 17 18 | 18.2
Polearms       | 3 5 6 7 8 9 10 11 12 13 14 15 16 | 16.4
Armour         | 2 3 4 5 6 7 9 10 11 12 13 14 15 | 15.3
Dodging        | 1 |  1.6
Invocations    | 3 4 7 9 10 12 13 14 16 17 18 19 20 21 22 | 22.1
Stealth        | 1 2 5 7 8 9 11 12 13 | 13.1
Evocations     | 2 3 4 6 7 9 10 11 12 13 14 15 16 | 16.2
Shields        | 2 4 |  4.0
Spellcasting   | 3 5 |  5.0
Ice Magic      | 3 |  3.5

Action                   |  1- 3 |  4- 6 |  7- 9 | 10-12 | 13-15 | 16-18 | 19-21 || total
-------------------------+-------+-------+-------+-------+-------+-------+-------++-------
Melee: Spear             |    19 |   107 |   496 |  1030 |  1464 |  1813 |  1734 ||  6663
       Headbutt          |     7 |     9 |    88 |    14 |       |       |   196 ||   314
       Unarmed           |       |       |       |       |     4 |       |       ||     4
Invok: Depart the Abyss  |       |     1 |       |       |       |       |     1 ||     2
       Banish            |       |       |     5 |    17 |     4 |    21 |     5 ||    52
       Bend Space        |       |       |       |     8 |     3 |    10 |     3 ||    24
       Enter the Abyss   |       |       |       |       |     1 |       |       ||     1
       Brand Weapon With |       |       |       |       |     1 |       |       ||     1
       Corrupt           |       |       |       |       |       |     1 |       ||     1
Evoke: Wand              |       |       |       |    27 |    17 |    42 |    14 ||   100
       Lightning rod     |       |       |       |       |     2 |    22 |     8 ||    32
       Phantom mirror    |       |       |       |       |       |     2 |     1 ||     3
       Tin of tremorston |       |       |       |       |       |     4 |     6 ||    10
       Condenser vane    |       |       |       |       |       |     2 |     4 ||     6
  Use: Scroll            |       |     2 |    13 |    22 |    18 |    16 |    10 ||    81
       Potion            |       |       |     5 |    10 |    10 |    10 |     8 ||    43
 Stab: Sleeping          |       |     3 |     1 |       |    12 |    49 |    29 ||    94
       Distracted        |       |       |       |       |     3 |     9 |    11 ||    23
       Petrified         |       |       |       |       |     1 |       |       ||     1
       Held in net/web   |       |       |       |       |       |     4 |       ||     4
Armor: Leather armour    |       |    24 |    66 |       |       |       |       ||    90
       Scale mail        |       |       |   102 |   506 |   445 |   467 |    37 ||  1557
       Skin              |       |       |       |    30 |       |       |       ||    30
       Chain mail        |       |       |       |       |       |   187 |   450 ||   637
Dodge: Dodged            |       |    37 |   193 |   504 |   363 |   435 |   257 ||  1789
Block: Buckler           |       |       |       |    34 |   332 |   421 |   458 ||  1245
       Reflection        |       |       |       |       |     9 |       |    17 ||    26
       Other             |       |       |       |       |     2 |       |       ||     2

Table legend: (Time is in decaauts)
 A = Elapsed time spent in this place.
 B = Non-inter-level travel time spent in this place.
 C = Inter-level travel time spent in this place.
 D = Time resting spent in this place.
 E = Time spent auto-exploring this place.
 F = Levels seen in this place.
 G = Mean time per level.
                   A        B        C        D        E       F      G
               +--------+--------+--------+--------+--------+-----+--------+
         Total |  56863 |  52922 |   3941 |  18012 |  24589 |  49 | 1160.5 |
       Dungeon |  19165 |  17415 |   1750 |   6093 |   8784 |  15 | 1277.7 |
          Lair |   9094 |   8554 |    540 |   3112 |   3762 |   6 | 1515.7 |
        Shoals |   4460 |   4134 |    326 |   1238 |   2099 |   4 | 1115.0 |
   Spider Nest |   5322 |   5077 |    245 |   1679 |   2388 |   4 | 1330.5 |
  Orcish Mines |   1433 |   1283 |    150 |     39 |    838 |   2 |  716.5 |
   Elven Halls |   1515 |   1427 |     88 |    389 |    758 |   2 |  757.5 |
        Vaults |   8651 |   7925 |    726 |   2441 |   3871 |   5 | 1730.2 |
        Depths |   1912 |   1799 |    113 |    752 |    749 |   2 |  956.0 |
         Abyss |    278 |    278 |      0 |     54 |    132 |   4 |   69.5 |
       Ossuary |   1030 |   1030 |      0 |    578 |    278 |   1 | 1030.0 |
      Ice Cave |    643 |    643 |      0 |    307 |     84 |   1 |  643.0 |
       Volcano |    718 |    718 |      0 |    382 |     65 |   1 |  718.0 |
    Desolation |   1456 |   1456 |      0 |    426 |    482 |   1 | 1456.0 |
      Gauntlet |   1180 |   1180 |      0 |    517 |    296 |   1 | 1180.0 |
               +--------+--------+--------+--------+--------+-----+--------+

Top non-repeatable levels by time:
Vaults:4: 3371 daAuts
     D:9: 2544 daAuts
Spider:2: 2265 daAuts
  Lair:4: 1982 daAuts
     D:6: 1952 daAuts
Depths:1: 1910 daAuts
Vaults:1: 1806 daAuts
  Lair:3: 1762 daAuts
Vaults:3: 1700 daAuts
     D:2: 1543 daAuts
    D:11: 1520 daAuts
  Lair:2: 1502 daAuts
   Elf:1: 1492 daAuts
Shoals:2: 1465 daAuts
Desolation: 1456 daAuts
